 Dungeon Crawl Stone Soup version 0.25.1-2-g60ff931df9 (webtiles) character file.

Game seed: 10827401064181368519

88 Allula97 the Skirmisher (level 4, -7/35 HPs)
             Began as a Demonspawn Fighter on Nov 11, 2020.
             Was a Follower of Qazlal.
             Killed from afar by Sigmund (9 damage)
             ... with a magic dart
             ... on level 3 of the Dungeon.
             The game lasted 00:11:11 (1889 turns).

Allula97 the Skirmisher (Demonspawn Fighter)        Turns: 1889, Time: 00:11:12

Health: -7/35      AC:  6    Str: 17    XL:     4   Next: 29%
Magic:  4/4        EV: 10    Int: 10    God:    Qazlal [*.....]
Gold:   109        SH:  1    Dex: 12    Spells: 3/3 levels left

rFire    . . .     SeeInvis .   a - +0 war axe
rCold    . . .     Gourm    .   (no shield)
rNeg     . . .     Faith    .   b - +0 scale mail
rPois    .         Spirit   .   (helmet restricted)
rElec    .         Reflect  .   (no cloak)
rCorr    .         Harm     .   (no gloves)
MR       .....                  (no boots)
Stlth    ..........             (no amulet)
HPRegen  0.11/turn              o - ring of attention (curse)
MPRegen  0.09/turn              (no ring)

@: very slightly contaminated
A: antennae 2, hooves 1, blink, deterioration 1
a: Blink, Renounce Religion


You were on level 3 of the Dungeon.
You worshipped Qazlal.
Qazlal was aware of your devotion.
You were hungry.

You visited 1 branch of the dungeon, and saw 3 of its levels.

You collected 109 gold pieces.

Inventory:

Hand Weapons
 a - a +0 war axe (weapon)
Armour
 b - a +0 scale mail (worn)
 n - a +0 pair of gloves
Jewellery
 o - a cursed ring of attention (left hand)
Scrolls
 e - a scroll of random uselessness {unknown}
 h - 3 scrolls of identify {unknown}
 i - 4 scrolls of remove curse {unknown}
 p - a scroll of teleportation {unknown}
Potions
 c - a potion of might
 m - a potion of invisibility
Comestibles
 f - 7 rations
 k - 4 chunks of flesh


   Skills:
 * Level 3.5 Fighting
 - Level 2.1 Axes
 + Level 3.1 Armour
 * Level 1.4 Dodging
 - Level 0.6 Stealth
   Level 2.8 Shields
 * Level 0.8 Unarmed Combat
 + Level 0.4 Spellcasting
 + Level 0.4 Invocations


You had 3 spell levels left.
You didn't know any spells.
Your spell library was empty.

Dungeon Overview and Level Annotations

Branches:
Dungeon (3/15)

Altars:
Kikubaaqudgha
Qazlal
Vehumet
Wu Jian

Annotations:
D:3 Sigmund


Innate Abilities, Weirdness & Mutations

You have a pair of antennae on your head.
You have large cloven feet.
You can translocate small distances at will.
Your body sometimes deteriorates upon taking damage.


Message History

c - a potion of might
k - 4 chunks of flesh (gained 1)
Things that are here:
a stone; a frilled lizard skeleton Sigmund casts a spell.
Sigmund flickers and vanishes!
Deactivating autopickup; reactivate with Ctrl-A.
A puff of flame appears from out of thin air!
The puff of flame hits you.
* * * LOW HITPOINT WARNING * * *
Found 9 gold pieces.
Found a potion of might.
A kobold comes into view. It is wielding a +0 short sword.
The kobold throws a stone.
The stone hits you.
* * * LOW HITPOINT WARNING * * *
You see here a stone.
The kobold throws a stone.
The stone hits you but does no damage.
A magic dart appears from out of thin air!
The magic dart hits you!
You die...

........ ... ##....##
........ K...##......##
........ .!..#........#<
.....@..
...............#........
.............#.......<
#.................... .
##...............(.... ..
#....@(....[..#.###.#.
...$##.#.(............ ..#.
#..........................#o
#......##...........#...##.#.
....................... #g
.....##..........#....
##....#.{........#....
#.%.(..([.......... #
##.#...((........###


You could see a kobold.

Vanquished Creatures
  2 adders
  2 oozes (D:1)
  A worm (D:2)
  A dart slug (D:1)
  6 leopard geckos
  2 orcs (D:3)
  5 giant cockroaches
  5 goblins
  5 hobgoblins
  A quokka (D:2)
  4 bats
  10 frilled lizards
  5 rats
49 creatures vanquished.

Notes
Turn   | Place    | Note
-------+----------+-------------------------------------------
     0 | D:1      | Allula97 the Demonspawn Fighter began the quest for the
                  | Orb.
     0 | D:1      | Reached XP level 1. HP: 18/18 MP: 1/1
   149 | D:1      | Gained mutation: You have a pair of small antennae on your
                  | head. [demonic ancestry]
   149 | D:1      | Reached XP level 2. HP: 11/24 MP: 2/2
   743 | D:1      | Gained mutation: You have large cloven feet. [demonic
                  | ancestry]
   743 | D:1      | Reached XP level 3. HP: 29/29 MP: 3/3
   887 | D:2      | Found a stormy altar of Qazlal.
   897 | D:2      | Became a worshipper of Qazlal Stormbringer
   916 | D:2      | Found an ancient bone altar of Kikubaaqudgha.
   923 | D:2      | Found a radiant altar of Vehumet.
   923 | D:2      | Found an ornate altar of the Wu Jian Council.
  1078 | D:2      | Reached skill level 1 in Dodging
  1674 | D:3      | Noticed Sigmund
  1765 | D:3      | Gained mutation: You have a pair of antennae on your head.
                  | [demonic ancestry]
  1765 | D:3      | Reached XP level 4. HP: 31/35 MP: 4/4
  1811 | D:3      | Reached * piety under Qazlal
  1873 | D:3      | Gained mutation: Your body sometimes deteriorates upon
                  | taking damage. [potion of mutation]
  1873 | D:3      | Gained mutation: You can translocate small distances at
                  | will. [potion of mutation]
  1889 | D:3      | Killed from afar by Sigmund

Illustrated notes

Levels and vault maps discovered:
D:1:      lightli_arrival_chessboard, layout_basic
D:2:      layout_loops_ring, minitemple, glass_columns_b, st_stairs_7,
          chequers_serial_rivers_micro_a, nicolae_qazlal_eye_of_the_storm
D:3:      layout_rooms, chequers_temple_overflow_statue_of_worship,
          minmay_lizard_king, uniq_sigmund, uniq_grinder

Skill      XL: |  1  2  3 |
---------------+----------+-----
Axes           | 2 |  2.1
Armour         | 3 |  3.1
Dodging        | 1 |  1.4
Fighting       | |  3.5
Stealth        | |  0.6
Shields        | |  2.8
Unarmed Combat | |  0.8
Spellcasting   | |  0.4
Invocations    | |  0.4

Action                   |  1- 3 |  4- 6 || total
-------------------------+-------+-------++-------
Melee: War axe           |   126 |    43 ||   169
       Kick              |    15 |    10 ||    25
 Abil: Blink             |       |     1 ||     1
  Use: Potion            |       |     6 ||     6
  Eat: Chunk             |     3 |       ||     3
Armor: Scale mail        |    51 |    25 ||    76
Dodge: Dodged            |    46 |    13 ||    59
Block: Kite shield       |    64 |    17 ||    81
